 Dungeon Crawl Stone Soup version 0.31-a0-237-g2d982f9f85 (webtiles) character file.

Game seed: 6768468696007696980

13188 qw the Skirmisher (level 11, -1/99 HPs)
             Began as a Minotaur Hexslinger on July 11, 2023.
             Was a High Priest of Okawaru.
             Slain by a storm dragon (16 damage)
             ... on level 11 of the Dungeon.
             The game lasted 00:04:02 (9442 turns).

qw the Skirmisher (Minotaur Hexslinger)             Turns: 9442, Time: 00:04:02

Health: -1/99      AC: 12    Str: 13    XL:     11   Next: 72%
Magic:  9/15       EV: 24    Int: 10    God:    Okawaru [*****.]
Gold:   1647       SH:  5    Dex: 17    Spells: 11/12 levels left

rFire   . . .        Y - +4 arbalest (freeze)
rCold   . . .        (shield currently unavailable)
rNeg    . . .        g - +1 steam dragon scales
rPois   .            (helmet restricted)
rElec   .            l - +0 cloak
rCorr   .            c - +0 pair of gloves
SInv    .            d - +0 pair of boots
Will    .....        j - amulet of reflection
Stlth   +++          m - +5 ring of evasion
HPRegen 0.36/turn    (no ring)
MPRegen 0.14/turn

%: reflection
@: about to teleport, heroic, finesse-ful
A: horns 2, retaliatory headbutt
a: Renounce Religion, Heroism, Finesse, Duel


You were on level 11 of the Dungeon.
You worshipped Okawaru.
Okawaru was extremely pleased with you.
You visited 2 branches of the dungeon, and saw 12 of its levels.
You also visited: Ossuary.

You collected 1647 gold pieces.


Innate Abilities, Weirdness & Mutations

You have a pair of horns on your head.
You reflexively headbutt those who attack you in melee.


   Skills:
 - Level 10.0(15.0) Fighting
 + Level 14.3(19.3) Ranged Weapons
 - Level 5.1(10.1) Armour
 - Level 7.3(12.3) Dodging
 - Level 1.0 Spellcasting
 - Level 2.0 Hexes
 + Level 7.9 Invocations


You had 11 spell levels left.
You knew the following spells:

 Your Spells              Type           Power      Damage    Failure   Level
a - Slow                  Hex            16%        N/A       16%         1

Your spell library contained the following spells:

 Spells                   Type           Power      Damage    Failure   Level
 Inner Flame              Hex/Fire       2%         N/A       56%         3
 Portal Projectile        Hex/Tloc       4%         N/A       56%         3
 Cause Fear               Hex            2%         N/A       83%         4

Inventory:

Hand Weapons
 Y - a +4 arbalest of freezing (weapon)
Armour
 a - a +0 hat of stealth
 c - a +0 pair of gloves (worn)
 d - a +0 pair of boots (worn)
 g - +1 steam dragon scales (worn)
 l - a +0 cloak (worn)
Jewellery
 j - an amulet of reflection (around neck)
 m - a +5 ring of evasion (left hand)
 r - a ring of ice
Scrolls
 b - 2 scrolls of teleportation
 h - 3 scrolls of identify
Potions
 e - 3 potions of mutation
 f - a potion of curing
 i - a potion of haste
 p - 3 potions of cancellation
 q - a potion of magic

Dungeon Overview and Level Annotations

Branches:
Dungeon (11/15)            Temple (1/1) D:6            Lair (0/5) D:11
    Orc (0/2) D:10        Ossuary (visited)

Altars:
Ashenzari
Cheibriados
Dithmenos
Elyvilon
Fedhas
Gozag
Hepliaklqana
Kikubaaqudgha
Makhleb
Nemelex Xobeh
Okawaru
Qazlal
Ru
Sif Muna
Trog
Uskayaw
Vehumet
Wu Jian
Xom
Yredelemnul
Zin
The Shining One

Annotations:
D:6 1 runed translucent door, Crazy Yiuf
D:8 6 transporters


Message History

Enter note:
Enter note: You shoot a bolt.
The bolt hits the fire giant.
The bolt freezes the fire giant.
The fire giant is almost dead.
The fire giant casts a spell at you.
The fireball explodes!
The fireball engulfs you!!
You hear a shout!
You shoot a bolt. The bolt hits the fire giant!
The bolt freezes the fire giant.
The fire giant is almost dead.
You shoot a bolt.
The bolt hits the storm dragon but does no damage.
The storm dragon is lightly wounded.
The boulder beetle stops rolling and uncurls.
You shoot a bolt. The bolt hits the fire giant!!
The bolt freezes the fire giant.
You kill the fire giant!
Okawaru is honoured by your kill.
You can now enter into single combat with a foe.
Okawaru will now gift you equipment as you gain piety.
You hear a splash.
The storm dragon is engulfed in a cloud of scalding steam.
The storm dragon misses you. The storm dragon claws you.
The storm dragon tramples you.
You stumble backwards!
Splash!
You fall into the shallow water.
Moving in this stuff is going to be slow.
9441 ||| READING 3 scrolls of teleportation.
As you read the scroll of teleportation, it crumbles to dust.
You feel strangely unstable.
The boulder beetle curls into a ball and begins rolling!
The storm dragon breathes lightning at you.
The bolt of lightning misses you. x2
The bolt of lightning hits the storm dragon.
The storm dragon completely resists.
9442 ||| Stepping ~*~*~tactically~*~*~ (water).
The storm dragon attacks as you move away!
The storm dragon closely misses you. You block the storm dragon's attack.
The storm dragon tramples you! The storm dragon bites you!
You die... #.# .o. #.# #.# 7o7 #.# #.# 7B7 #.# #.# ### ### 707# ##########.# #.#77.77 7~7 77B¤77

7~7#.7.7.#.#
#.#7...777~7777o¤¤(777~777.7.7#.#
..........~P7.¤¤.¤777P~...7.7.)..
#.#7...777P~7~P¤D.777~P777.7.7#.#
..#77.77 777~7¤7@~~~~777#.7.7.#.#
..######## ########### #######.#
.......... ### ##########


You could see a storm dragon, a boulder beetle (rolling) and an orc.

Vanquished Creatures
  A fire giant (D:11)
  A hydra (D:11)
  A two-headed ogre (D:11)
  A boulder beetle (D:9)
  Pikel (D:8)
  A manticore (D:11)
  A cyclops (D:11)
  Maurice (D:8)
  A gargoyle (D:11)
  An unseen horror (D:10)
  Maggie (D:8)
  2 kobold demonologists (D:10)
  A komodo dragon (D:10)
  A yaktaur (D:11)
  A hornet (D:9)
  A slime creature (D:11)
  3 wyverns
  5 yaks
  2 wraiths
  A steam dragon (D:10)
  Menkaure (D:6)
  3 acid dragons
  5 orc warriors
  3 ice beasts
  An ogre (D:5)
  2 black bears (D:5)
  A lemure (D:8)
  9 centaurs
  3 elf zombies (Ossuary)
  2 bullfrogs (D:8)
  A gnoll sergeant (D:9)
  2 scorpions
  10 wights (D:8)
  9 killer bees
  7 howler monkeys
  A vampire bat (D:4)
  4 hounds
  2 jellies (D:7)
  8 orc priests
  2 sleepcaps
  4 iguanas
  11 orc wizards
  3 mummies (Ossuary)
  5 adders
  9 gnolls
  3 shadow imps
  4 white imps
  4 adder zombies (Ossuary)
  3 dart slugs
  3 fire bats (D:4)
  37 orcs
  2 spectral bats (D:4)
  3 bat skeletons (D:4)
  A bat zombie (D:4)
  9 endoplasms
  3 giant cockroaches
  3 gnoll zombies (Ossuary)
  4 goblins
  5 hobgoblins
  8 jackals
  A quokka (D:2)
  6 ball pythons
  19 bats
  A bat simulacrum (D:4)
  3 frilled lizards
  3 goblin zombies (Ossuary)
  6 hobgoblin zombies (Ossuary)
  2 jackal zombies (Ossuary)
  8 kobolds
  A kobold zombie (Ossuary)
  3 orc zombies (Ossuary)
  6 quokka zombies (Ossuary)
  10 rats
  4 rat zombies (Ossuary)
301 creatures vanquished.

Vanquished Creatures (others)
  An orc wizard (D:4)
1 creature vanquished.

Grand Total: 302 creatures vanquished

Notes
Turn   | Place    | Note
-------+----------+-------------------------------------------
     0 | D:1      | qw the Minotaur Hexslinger began the quest for the Orb.
     0 | D:1      | Reached XP level 1. HP: 16/16 MP: 1/1
     0 | D:1      | 0 ||| qw: Version: 0.3-a-52-g30416fa
     0 | D:1      | 0 ||| qw: Game counter: 5859
     0 | D:1      | 0 ||| qw: Melee chars always use a shield: true
     0 | D:1      | 0 ||| qw: God list: Okawaru
     0 | D:1      | 0 ||| qw: Allow faded altars: false
     0 | D:1      | 0 ||| qw: Do Orc after clearing Dungeon:15 true
     0 | D:1      | 0 ||| qw: Do second Lair branch before Depths: true
     0 | D:1      | 0 ||| qw: Lair rune preference: random
     0 | D:1      | 0 ||| qw: Goals: Normal
     0 | D:1      | 0 ||| PLANNING D:1-11
   110 | D:1      | Reached skill level 3 in Ranged Weapons
   110 | D:1      | Reached XP level 2. HP: 22/23 MP: 2/2
   440 | D:1      | Reached XP level 3. HP: 29/29 MP: 3/3
   732 | D:1      | 732 ||| UPGRADING to +0 leather armour.
   742 | D:1      | 742 ||| DROPPING +0 robe.
   743 | D:1      | 743 ||| READING scroll labelled GICKA QOCHYU.
   743 | D:1      | Identified a scroll of acquirement
   743 | D:1      | 743 ||| ACQUIRING amulet of regeneration
   743 | D:1      | Acquired an amulet of regeneration
   745 | D:1      | 745 ||| UPGRADING to amulet of regeneration.
   750 | D:1      | 750 ||| READING scroll labelled ZIABIA QAGYO.
   751 | D:1      | 751 ||| DROPPING scroll of poison.
   865 | D:2      | 865 ||| READING scroll labelled WOURUS YMIM.
   866 | D:2      | 866 ||| DRINKING 2 brown potions.
   867 | D:2      | 867 ||| DROPPING potion of attraction.
   870 | D:2      | 870 ||| STAIRDANCE
   932 | D:2      | Reached skill level 4 in Ranged Weapons
  1394 | D:2      | 1394 ||| READING scroll labelled OPELIL ZAKK.
  1395 | D:2      | 1395 ||| READING scroll labelled DIOCUF ITARIPEABRU.
  1396 | D:2      | 1396 ||| DRINKING 2 clear potions.
  1443 | D:2      | 1443 ||| DROPPING potion of lignification.
  1597 | D:3      | Reached XP level 4. HP: 33/36 MP: 4/4
  2086 | D:3      | 2086 ||| UPGRADING to +0 ring mail.
  2096 | D:3      | 2096 ||| DROPPING +0 leather armour.
  2097 | D:3      | 2097 ||| UPGRADING to +0 cloak.
  2102 | D:3      | 2102 ||| READING scroll labelled HOTOC JASUE.
  2103 | D:3      | 2103 ||| READING scroll labelled BITU JUEGHOTIMM.
  2108 | D:3      | 2108 ||| READING 3 scrolls of identify.
  2108 | D:3      | 2108 ||| IDENTIFYING fizzy red potion
  2109 | D:3      | 2109 ||| READING 2 scrolls of identify.
  2109 | D:3      | 2109 ||| IDENTIFYING lumpy amethyst potion
  2138 | D:4      | 2138 ||| Stepping ~*~*~tactically~*~*~ (outnumbered).
  2146 | D:4      | Reached skill level 1 in Armour
  2154 | D:4      | Reached skill level 5 in Ranged Weapons
  2158 | D:4      | Reached XP level 5. HP: 38/42 MP: 5/5
  2174 | D:4      | 2174 ||| DRINKING potion of curing.
  2174 | D:4      | 2174 ||| (to cure confusion)
  2178 | D:4      | Reached skill level 3 in Fighting
  2695 | D:4      | Reached skill level 6 in Ranged Weapons
  2695 | D:4      | Reached XP level 6. HP: 51/51 MP: 6/6
  2943 | D:4      | 2943 ||| UPGRADING to +5 ring of evasion.
  2944 | D:4      | 2944 ||| READING scroll labelled DERYTE BYPSESAW.
  2945 | D:4      | 2945 ||| READING 3 scrolls of identify.
  2945 | D:4      | 2945 ||| IDENTIFYING golden potion
  2946 | D:4      | 2946 ||| READING 2 scrolls of identify.
  2946 | D:4      | 2946 ||| IDENTIFYING emerald potion
  3009 | D:5      | Entered Level 5 of the Dungeon
  3102 | D:5      | 3102 ||| SWAPPING to +3 arbalest.
  3110 | D:5      | Reached skill level 7 in Ranged Weapons
  3110 | D:5      | Reached XP level 7. HP: 52/59 MP: 7/7
  3116 | D:5      | 3116 ||| DROPPING +2 sling.
  3150 | D:5      | Found a shadowy altar of Dithmenos.
  3156 | D:5      | Found a white marble altar of Elyvilon.
  3161 | D:5      | Found an ornate altar of the Wu Jian Council.
  3205 | D:5      | Reached skill level 8 in Ranged Weapons
  3516 | D:5      | Found a sacrificial altar of Ru.
  3599 | D:5      | 3599 ||| READING scroll of acquirement.
  3599 | D:5      | 3599 ||| ACQUIRING 1050 gold pieces
  3599 | D:5      | Acquired 1050 gold pieces
  3623 | D:5      | Reached skill level 9 in Ranged Weapons
  3623 | D:5      | Reached XP level 8. HP: 67/68 MP: 8/8
  3951 | D:5      | 3951 ||| DROPPING amulet of the acrobat.
  3952 | D:5      | 3952 ||| DRINKING 2 bubbling emerald potions.
  3953 | D:5      | 3953 ||| DROPPING potion of degeneration.
  4066 | D:6      | Noticed Menkaure
  4071 | D:6      | Reached skill level 6 in Fighting
  4073 | D:6      | Killed Menkaure
  4074 | D:6      | Reached skill level 3 in Dodging
  4084 | D:6      | Found a staircase to the Ecumenical Temple.
  4085 | D:6      | 4085 ||| PLANNING TEMPLE
  4096 | Temple   | Entered the Ecumenical Temple
  4104 | Temple   | 4104 ||| PLANNING OKAWARU WORSHIP
  4259 | Temple   | Became a worshipper of Warmaster Okawaru
  4260 | Temple   | 4260 ||| PLANNING D:1-11
  4318 | D:6      | Found a runed translucent door.
  4319 | D:6      | Noticed Crazy Yiuf
  4735 | D:6      | 4735 ||| READING scroll labelled BUMUFU WOED.
  4736 | D:6      | 4736 ||| READING scroll labelled HUCAHE SESHREA.
  4737 | D:6      | 4737 ||| READING scroll labelled QOFYUFYUTWU.
  4778 | D:7      | 4778 ||| PLANNING OSSUARY
  4792 | D:7      | Reached skill level 10 in Ranged Weapons
  4819 | D:7      | 4819 ||| Stepping ~*~*~tactically~*~*~ (outnumbered).
  4828 | D:7      | 4828 ||| DRINKING potion of curing.
  4828 | D:7      | 4828 ||| (to cure confusion)
  4840 | D:7      | HP: 15/71 [orc priest/+0 short sword (5)]
  4841 | D:7      | 4841 ||| READING 3 scrolls of teleportation.
  4842 | D:7      | 4842 ||| DRINKING potion of heal wounds.
  4978 | D:7      | Reached * piety under Okawaru
  4984 | D:7      | 4984 ||| INVOKING Heroism.
  5005 | D:7      | Found a sand-covered staircase.
  5006 | D:7      | 5006 ||| READING scroll labelled DOVVABL AL SIU.
  5007 | D:7      | 5007 ||| DRINKING 2 bubbling pink potions.
  5014 | D:7      | 5014 ||| DROPPING potion of ambrosia.
  5023 | Ossuary  | Entered an ossuary
  5045 | Ossuary  | Reached XP level 9. HP: 79/79 MP: 9/9
  5092 | Ossuary  | 5092 ||| READING scroll of enchant weapon.
  5092 | Ossuary  | 5092 ||| ENCHANTING +3 arbalest of freezing.
  5182 | Ossuary  | Reached skill level 11 in Ranged Weapons
  5241 | Ossuary  | 5241 ||| READING 2 scrolls labelled QIT YZ CIGAKHA.
  5342 | Ossuary  | 5342 ||| DRINKING 2 smoky emerald potions.
  5343 | Ossuary  | 5343 ||| DROPPING scroll of silence.
  5354 | D:7      | 5354 ||| PLANNING D:1-11
  5805 | D:7      | 5805 ||| UPGRADING to +0 pair of gloves.
  5837 | D:8      | Noticed Maurice
  5847 | D:8      | Killed Maurice
  5848 | D:8      | Reached skill level 3 in Armour
  5899 | D:8      | Reached skill level 3 in Invocations
  6015 | D:8      | Noticed Pikel
  6016 | D:8      | 6016 ||| INVOKING Heroism.
  6025 | D:8      | Noticed Maggie
  6026 | D:8      | Killed Pikel
  6026 | D:8      | Reached ** piety under Okawaru
  6029 | D:8      | Killed Maggie
  6030 | D:8      | Reached skill level 12 in Ranged Weapons
  6055 | D:8      | Found a transporter.
  6060 | D:8      | Found a transporter.
  6108 | D:8      | Reached XP level 10. HP: 80/86 MP: 12/12
  6426 | D:8      | Found a transporter.
  6427 | D:8      | Found a transporter.
  6479 | D:8      | 6479 ||| INVOKING Heroism.
  6511 | D:8      | Found a shimmering blue altar of Sif Muna.
  6512 | D:8      | 6512 ||| Stepping ~*~*~tactically~*~*~ (outnumbered).
  6514 | D:8      | 6514 ||| Stepping ~*~*~tactically~*~*~ (outnumbered).
  6516 | D:8      | 6516 ||| Stepping ~*~*~tactically~*~*~ (outnumbered).
  6518 | D:8      | 6518 ||| Stepping ~*~*~tactically~*~*~ (outnumbered).
  6520 | D:8      | 6520 ||| DRINKING potion of curing.
  6520 | D:8      | 6520 ||| (to cure confusion)
  6522 | D:8      | 6522 ||| INVOKING Heroism.
  6648 | D:8      | Found a transporter.
  6649 | D:8      | Found a transporter.
  6765 | D:8      | 6765 ||| Stepping ~*~*~tactically~*~*~ (outnumbered).
  6806 | D:8      | Found a bloodstained altar of Trog.
  6809 | D:8      | Found an ancient bone altar of Kikubaaqudgha.
  6813 | D:8      | Found a hide-covered altar of Uskayaw.
  6818 | D:8      | 6818 ||| INVOKING Heroism.
  6989 | D:8      | 6989 ||| UPGRADING to +0 steam dragon scales.
  6999 | D:8      | 6999 ||| DROPPING +0 ring mail.
  7000 | D:8      | 7000 ||| READING 2 scrolls labelled MIZXIO YSTYHE.
  7001 | D:8      | 7001 ||| READING scroll of enchant armour.
  7001 | D:8      | 7001 ||| ENCHANTING +0 steam dragon scales.
  7002 | D:8      | 7002 ||| DRINKING 2 cyan potions.
  7003 | D:8      | 7003 ||| READING 2 scrolls of identify.
  7003 | D:8      | 7003 ||| IDENTIFYING black potion
  7004 | D:8      | 7004 ||| DROPPING potion of berserk rage.
  7080 | D:9      | Reached *** piety under Okawaru
  7081 | D:9      | Reached skill level 6 in Dodging
  7081 | D:9      | Noticed a boulder beetle
  7082 | D:9      | 7082 ||| INVOKING Heroism.
  7087 | D:9      | Killed a boulder beetle
  7088 | D:9      | Reached skill level 13 in Ranged Weapons
  7173 | D:9      | 7173 ||| Stepping ~*~*~tactically~*~*~ (outnumbered).
  7175 | D:9      | 7175 ||| Stepping ~*~*~tactically~*~*~ (outnumbered).
  7178 | D:9      | 7178 ||| Stepping ~*~*~tactically~*~*~ (outnumbered).
  7183 | D:9      | 7183 ||| Stepping ~*~*~tactically~*~*~ (outnumbered).
  7216 | D:9      | Found a burning altar of Makhleb.
  7248 | D:9      | 7248 ||| INVOKING Heroism.
  7251 | D:9      | 7251 ||| Stepping ~*~*~tactically~*~*~ (outnumbered).
  7255 | D:9      | Reached skill level 9 in Fighting
  7319 | D:9      | Found a basalt altar of Yredelemnul.
  7545 | D:9      | Reached **** piety under Okawaru
  7796 | D:9      | 7796 ||| UPGRADING to +0 pair of boots.
  7801 | D:9      | 7801 ||| DRINKING 2 fuming purple potions.
  7802 | D:9      | 7802 ||| DROPPING potion of brilliance.
  7809 | D:10     | Entered Level 10 of the Dungeon
  7841 | D:10     | Noticed a rust devil
  7862 | D:10     | 7862 ||| Stepping ~*~*~tactically~*~*~ (outnumbered).
  7867 | D:10     | 7867 ||| INVOKING Heroism.
  7874 | D:10     | 7874 ||| Stepping ~*~*~tactically~*~*~ (outnumbered).
  7888 | D:10     | Reached skill level 14 in Ranged Weapons
  7910 | D:10     | Found a staircase to the Orcish Mines.
  7940 | D:10     | Reached XP level 11. HP: 97/97 MP: 13/13
  8047 | D:10     | 8047 ||| INVOKING Heroism.
  8052 | D:10     | Received a gift from Okawaru
  8083 | D:10     | 8083 ||| INVOKING Heroism.
  8434 | D:10     | 8434 ||| UPGRADING to amulet of reflection.
  8444 | D:10     | 8444 ||| DROPPING amulet of regeneration.
  8465 | D:11     | 8465 ||| FLEEEEING.
  8467 | D:11     | 8467 ||| FLEEEEING.
  8468 | D:11     | 8468 ||| STAIRDANCE
  8580 | D:11     | 8580 ||| STAIRDANCE
  8651 | D:11     | 8651 ||| STAIRDANCE
  8656 | D:10     | 8656 ||| INVOKING Heroism.
  8658 | D:10     | Reached skill level 6 in Invocations
  8746 | D:11     | 8746 ||| STAIRDANCE
  8812 | D:11     | 8812 ||| INVOKING Heroism.
  8833 | D:11     | Noticed a two-headed ogre
  8835 | D:11     | Killed a two-headed ogre
  8851 | D:11     | 8851 ||| Stepping ~*~*~tactically~*~*~ (outnumbered).
  8935 | D:11     | Noticed an eight-headed hydra
  8936 | D:11     | 8936 ||| INVOKING Heroism.
  8939 | D:11     | Noticed a storm dragon
  8941 | D:11     | Noticed a fire giant
  8943 | D:11     | HP: 23/97 [eight-headed hydra (3)]
  8943 | D:11     | HP: 8/97 [eight-headed hydra (6)]
  8943 | D:11     | Noticed a boulder beetle
  8944 | D:11     | 8944 ||| READING 4 scrolls of teleportation.
  8945 | D:11     | HP: 2/97 [eight-headed hydra (7)]
  9052 | D:11     | 9052 ||| FLEEEEING.
  9053 | D:11     | 9053 ||| FLEEEEING.
  9054 | D:11     | 9054 ||| FLEEEEING.
  9055 | D:11     | 9055 ||| FLEEEEING.
  9056 | D:11     | 9056 ||| FLEEEEING.
  9058 | D:11     | 9058 ||| STAIRDANCE
  9255 | D:11     | Reached ***** piety under Okawaru
  9361 | D:11     | Found a staircase to the Lair.
  9404 | D:11     | 9404 ||| Stepping ~*~*~tactically~*~*~ (water).
  9405 | D:11     | 9405 ||| INVOKING Heroism.
  9422 | D:11     | Killed an eight-headed hydra
  9423 | D:11     | 9423 ||| INVOKING Finesse.
  9432 | D:11     | 9432 ||| INVOKING Heroism.
  9440 | D:11     | Killed a fire giant
  9440 | D:11     | HP: 24/99 [storm dragon (5)]
  9441 | D:11     | 9441 ||| READING 3 scrolls of teleportation.
  9442 | D:11     | 9442 ||| Stepping ~*~*~tactically~*~*~ (water).
  9442 | D:11     | Slain by a storm dragon

Levels and vault maps discovered:
D:1:      ncdulo_halloftheorcs, layout_loops_ring, chequers_decorated_corner,
          minmay_misc_feat_secret_circle
D:2:      layout_basic
D:3:      layout_basic, serial_aquarium, aquarium_bridge_long_joined
          [aquarium_subvault_bridge, aquarium_subvault_balcony,
          aquarium_subvault_bridge, aquarium_subvault_wall,
          aquarium_subvault_window, aquarium_subvault_balcony],
          aquarium_window_1, aquarium_window_1, aquarium_view_2a,
          aquarium_view_2c, aquarium_balcony_3a, chequers_serial_rivers_micro_c
D:4:      layout_loops_ring, goddamned_bats
D:5:      layout_loops_corners, hangedman_ru_absence,
          minmay_overflow_temple_star_quad
D:6:      layout_loops_cross, minmay_temple_entry_statues_pillars,
          kennysheep_generic_room_14, uniq_menkaure, uniq_crazy_yiuf_cottage
D:7:      layout_gridville, nicolae_ossuary_entry_monument,
          nicolae_houndstooth_variations
D:8:      layout_loops_corners, lemuel_crystal_altar,
          grunt_temple_overflow_diamond, minmay_misc_feat_more_columns,
          chequers_avenue, serial_nicolae_subway, nicolae_sub_station_crystal,
          nicolae_sub_station_stone, nicolae_sub_station_metal, uniq_maggie,
          uniq_maurice, uniq_pikel
D:9:      layout_basic, mainiacjoe_overflow_six_doors_small,
          kennysheep_mini_moat, minmay_crystal_room, minmay_bent
D:10:     layout_basic, hiddenorc1_lemuel
D:11:     nzn_winding_woodlands_large [nzn_winding_woodlands_5x5_three,
          nzn_winding_woodlands_5x15_jagged,
          nzn_winding_woodlands_5x5_open_star,
          nzn_winding_woodlands_center_diamonds,
          nzn_winding_woodlands_15x15_eel_pit,
          nzn_winding_woodlands_center_triple_pond,
          nzn_winding_woodlands_5x5_default,
          nzn_winding_woodlands_5x15_lazy_stream,
          nzn_winding_woodlands_5x5_checkerboard], layout_rooms,
          gammafunk_ghost_ooze
Temple:   hellmonk_temple_forest_ring

Skill      XL: |  1  2  3  4  5  6  7  8  9 10 11 |
---------------+----------------------------------+-----
Ranged Weapons | 3 4 5 6 7 9 10 12 14 | 14.3
Fighting       | 2 3 4 5 7 9 10 | 10.0
Armour         | 1 2 3 4 5 |  5.1
Dodging        | 3 4 6 7 |  7.3
Invocations    | 4 5 7 |  7.9
Spellcasting   | |  1.0
Hexes          | |  2.0

Action                     |  1- 3 |  4- 6 |  7- 9 | 10-12 || total
---------------------------+-------+-------+-------+-------++-------
   Fire: Sling             |   159 |   155 |       |       ||   314
         Arbalest          |       |     7 |   266 |   257 ||   530
 Invoke: Heroism           |       |       |     2 |    13 ||    15
         Finesse           |       |       |       |     1 ||     1
    Use: Scroll            |     5 |     7 |     8 |     5 ||    25
         Potion            |     2 |     1 |     5 |     3 ||    11
 Armour: Robe              |    18 |       |       |       ||    18
         Leather armour    |     5 |     8 |       |       ||    13
         Ring mail         |       |    49 |    28 |    11 ||    88
         Steam dragon scal |       |       |       |    29 ||    29
  Dodge: Dodged            |    51 |   104 |   146 |   193 ||   494
  Block: Other             |       |       |       |    14 ||    14
         Reflection        |       |       |       |     3 ||     3

Table legend:
 A = Non-vault XP
 B = Vault XP
 C = Vault XP percentage of total XP
 D = Non-vault monster count
 E = Vault monster count
 F = Vault count percentage of total count
                 A         B        C        D         E       F
            +---------+---------+-------+---------+---------+-------
      Total |   10413 |    8427 |  44.7 |     203 |      98 |  32.6
            +---------+---------+-------+---------+---------+-------
        D:1 |      50 |       0 |   0.0 |      31 |       0 |   0.0
        D:2 |      43 |       0 |   0.0 |      19 |       0 |   0.0
        D:3 |      40 |       0 |   0.0 |      16 |       0 |   0.0
        D:4 |     225 |     176 |  43.9 |      15 |      20 |  57.1
        D:5 |     912 |       0 |   0.0 |      17 |       0 |   0.0
        D:6 |     563 |     169 |  23.1 |      12 |       1 |   7.7
        D:7 |     680 |       0 |   0.0 |      23 |       0 |   0.0
        D:8 |    2388 |    1520 |  38.9 |      30 |       3 |   9.1
        D:9 |    1532 |    1474 |  49.0 |      21 |       7 |  25.0
       D:10 |    2316 |     410 |  15.0 |      15 |      18 |  54.5
       D:11 |    1664 |    4284 |  72.0 |       4 |      11 |  73.3
    Ossuary |       0 |     394 | 100.0 |       0 |      38 | 100.0
            +---------+---------+-------+---------+---------+-------
